 Dungeon Crawl Stone Soup version 0.24.0-123-gd5b16e6ec5 (webtiles) character file.

Game seed: 12630151952045955868, levelgen mode: deterministic

37 Curus the Twirler (level 3, -3/21 HPs)
             Began as a Gargoyle Gladiator on Feb 4, 2020.
             Was an Initiate of Okawaru.
             Slain by a gnoll
             ... wielding a +0 flail
              (10 damage)
             ... on level 2 of the Dungeon.
             The game lasted 00:03:22 (959 turns).

Curus the Twirler (Gargoyle Gladiator)               Turns: 959, Time: 00:03:22

Health: -3/21      AC:  9    Str: 17    XL:     3   Next: 39%
Magic:  3/3        EV: 11    Int:  8    God:    Okawaru [......]
Gold:   51         SH:  0    Dex: 12    Spells: 2/2 levels left

rFire    . . .     SeeInvis .   a - +1 quarterstaff
rCold    . . .     Gourm    .   (shield currently unavailable)
rNeg     + . .     Faith    .   e - +0 ring mail
rPois    ∞         Spirit   .   c - +0 helmet
rElec    +         Reflect  .   (no cloak)
rCorr    .         Harm     .   (no gloves)
MR       .....                  (no boots)
Stlth    +.........             g - amulet of magic regeneration
HPRegen  0.07/turn              (no ring)
MPRegen  0.33/turn              (no ring)

@: no status effects
A: negative energy resistance 1, electricity resistance, unbreathing,
petrification resistance, rot immunity, AC +3
a: Renounce Religion


You were on level 2 of the Dungeon.
You worshipped Okawaru.
Okawaru was noncommittal.
You were not hungry.

You visited 1 branch of the dungeon, and saw 2 of its levels.

You collected 51 gold pieces.

Inventory:

Hand Weapons
 a - a +1 quarterstaff (weapon)
Missiles
 d - 3 throwing nets (quivered)
Armour
 b - a +0 leather armour
 c - a +0 helmet (worn)
 e - a +0 ring mail (worn)
Jewellery
 g - an amulet of magic regeneration (around neck)
Potions
 h - a potion of brilliance
 i - a potion of resistance
Comestibles
 f - 2 rations


   Skills:
 - Level 2.1 Fighting
 + Level 4.3 Staves
 - Level 1.7 Throwing
 - Level 2.4 Dodging


You had 2 spell levels left.
You didn't know any spells.
Your spell library was empty.

Dungeon Overview and Level Annotations

Branches:
Dungeon (2/15)

Altars:
Nemelex Xobeh
Okawaru


Innate Abilities, Weirdness & Mutations

You are resistant to torment.
Your stone body is resilient. (AC +3)
You are immune to poison.
You resist negative energy. (rN+)
You are resistant to electric shocks. (rElec)
You can survive without breathing.
You are immune to petrification.
You are immune to rotting.


Message History

Found a ration.
A gnoll comes into view.
The gnoll shouts!
You hear a shout!
A gnoll comes into view. It is wielding a +0 flail.
The gnoll shouts!
A gnoll comes into view. It is wielding a +0 whip.
A goblin comes into view.
You completely miss the gnoll.
The goblin shouts!
The gnoll hits you but does no damage.
You hit the gnoll but do no damage. The gnoll hits you but does no damage.
You barely miss the gnoll. The gnoll hits you. The gnoll closely misses you.
You closely miss the gnoll. The gnoll hits you. The gnoll misses you.
You barely miss the gnoll. The gnoll hits you.
* * * LOW HITPOINT WARNING * * *
The gnoll closely misses you.
Found a potion of brilliance.
There is a stone staircase leading up here.
The gnoll hits you with a +0 flail!
You die...

#### #######
#######@.#####.....#####
.(.....g................
#######g######.(...##### ###
#..# #...### !.. #g.# #.###
#####.####gg######.######
........................####
######g#.....#...#####....#
##.#.###...### ####..


You could see 4 gnolls and a goblin.

Vanquished Creatures
  3 dart slugs
  4 bats
  A giant cockroach (D:1)
  6 goblins
  4 hobgoblins
  2 jackals (D:1)
  2 frilled lizards
  3 kobolds (D:1)
  4 rats
29 creatures vanquished.

Notes
Turn   | Place    | Note
-------+----------+-------------------------------------------
     0 | D:1      | Curus the Gargoyle Gladiator began the quest for the Orb.
     0 | D:1      | Reached XP level 1. HP: 12/12 MP: 1/1
   208 | D:1      | Reached XP level 2. HP: 17/17 MP: 2/2
   454 | D:1      | Reached skill level 4 in Staves
   849 | D:2      | Reached XP level 3. HP: 21/21 MP: 3/3
   896 | D:2      | Found an iron altar of Okawaru.
   898 | D:2      | Found a sparkling altar of Nemelex Xobeh.
   901 | D:2      | Became a worshipper of Warmaster Okawaru
   959 | D:2      | Slain by a gnoll

Levels and vault maps discovered:
D:1:      elethiomel_arrival_infinity_welcomes_careful_drivers, layout_basic
D:2:      layout_rooms, fedhas_altar_2, minitemple, uniq_robin

Skill      XL: |  1  2 |
---------------+-------+-----
Staves         | 4 |  4.3
Fighting       | |  2.1
Throwing       | |  1.7
Dodging        | |  2.4

Action                   || total
-------------------------++-------
Melee: Quarterstaff      ||    84
  Use: Potion            ||     3
       Scroll            ||     3
Armor: Ring mail         ||    26
Dodge: Dodged            ||    52
